AoeStats
← Kaiser Ze

Arabia

509510227Analyzed
1v1 RM · 5d ago on Sep 27, 2026· 36m 26s· 2 players
Game mode
Random Map
Map size
Tiny (2 player)
Population
200
Speed
Normal
Resources
Standard
Victory
Conquest
Starting age
Dark Age
Ending age
Imperial Age
RankedLock teamsTeams togetherTeam positionsShared explorationLock speedFull tech treeHidden civsTurbo modeCheats
Victory
Defeat
🇨🇳 Huns · China
1314
+12
🇨🇳 Persians · China
1226
-12
Kaiser Ze
6:24 Loom
9:39 Feudal Age
14:25 Bloodlines
17:07 Double-Bit Axe
17:14 Gold Mining
20:29 Castle Age
18:54 Fletching
24:25 Husbandry
24:31 Pikeman
29:40 Scale Barding Armor
31:27 Wheelbarrow
32:14 Forging
32:40 Bow Saw
32:12 Horse Collar
33:03 Chain Barding Armor
35:32 Iron Casting
37234103
7:01 Loom
9:16 Feudal Age
10:02 Double-Bit Axe
13:52 Wheelbarrow
13:03 Horse Collar
18:30 Castle Age
17:40 Bloodlines
18:11 Forging
18:26 Scale Barding Armor
19:38 Gold Mining
22:38 Bow Saw
24:11 Husbandry
26:51 Chain Barding Armor
27:25 Wheelbarrow
28:51 Iron Casting
Connection lost

Rejoining the realm…

Still unreachable

The connection could not be restored.

Session expired

The server has moved on; the page needs a fresh start.